 Dungeon Crawl Stone Soup version 0.19.1 (webtiles) character file.

52 kae the Insei (level 3, 0/29 HPs)
             Began as a Demonspawn Monk on Dec 17, 2016.
             Slain by Philosophy's ghost (11 damage)
             ... on level 3 of the Dungeon.
             The game lasted 00:02:49 (2222 turns).

kae the Insei (Demonspawn Monk)                     Turns: 2222, Time: 00:02:50

Health: 0/29       AC:  7    Str: 11    XL:     3   Next: 60%
Magic:  3/3        EV: 13    Int: 15    God:
Gold:   84         SH:  0    Dex: 16    Spells: 0 memorised, 2 levels left

rFire  . . .     SeeInvis .     m - +0 rapier (freeze)
rCold  . . .     Gourm    .     a - +0 robe
rNeg   . . .     Faith    .     (no shield)
rPois  .         Spirit   .     (no helmet)
rElec  .         Reflect  .     f - +1 cloak
rCorr  .         Harm     .     (no gloves)
MR     .....                    d - +0 pair of boots
Stlth  ++........               r - amulet of inaccuracy (curse)
                                (no ring)
                                q - +4 ring of intelligence

@: no status effects
A: iridescent scales 1, rot immunity
a: no special abilities


You were on level 3 of the Dungeon.
You were very hungry.

You visited 1 branch of the dungeon, and saw 3 of its levels.

You collected 84 gold pieces.

Inventory:

Hand Weapons
 m - a +0 rapier of freezing (weapon)
Armour
 a - a +0 robe (worn)
 d - a +0 pair of boots (worn)
 f - a +1 cloak (worn)
Jewellery
 q - a +4 ring of intelligence (left hand)
 r - a cursed amulet of inaccuracy (around neck)
Scrolls
 e - 2 scrolls of blinking
 g - a scroll of teleportation
 k - a scroll of magic mapping
Potions
 h - a potion of curing {unknown}
 j - a potion of heal wounds {unknown}
 l - a potion of might {unknown}
 n - 2 potions of lignification {unknown}
 o - a potion of mutation {unknown}
Comestibles
 b - 4 bread rations
 c - 2 meat rations
 i - a slice of pizza


   Skills:
 + Level 3.4 Fighting
 + Level 3.1 Dodging
 - Level 1.7 Stealth
 * Level 3.5 Unarmed Combat


You had 2 spell levels left.
You didn't know any spells.

Dungeon Overview and Level Annotations

Branches:
Dungeon (3/15)

Altars:

Annotations:
D:3 Philosophy's ghost, amateur FoFi


Innate Abilities, Weirdness & Mutations

You are partially covered in iridescent scales. (AC +2)
You are immune to rotting.


Message History

You catch the helpless Philosophy's ghost completely off-guard!
You hit Philosophy's ghost but do no damage.
You punch Philosophy's ghost, but do no damage.
Philosophy's ghost hits you but does no damage.
You miss Philosophy's ghost. Philosophy's ghost hits you!
Philosophy's ghost is nearby!
Philosophy's ghost is nearby!
You miss Philosophy's ghost. Philosophy's ghost barely misses you.
Philosophy's ghost closely misses you.
You closely miss Philosophy's ghost. Philosophy's ghost closely misses you.
Philosophy's ghost lets out a mournful wail.
There is an open door here.
Philosophy's ghost stares at you.
There is a stone staircase leading up here.
You closely miss Philosophy's ghost. Philosophy's ghost misses you.
You closely miss Philosophy's ghost. Philosophy's ghost closely misses you.
You miss Philosophy's ghost. Philosophy's ghost hits you!
Ouch! That really hurt!
Philosophy's ghost hits you!
You die...

#.######..........##............
#.##..........##............
#.............####.###.##...
#.####....#'### #.# #.##.##
#.........#.# #.###.##.#
######.##.#.######..##.##.# #
#......##.#.........##.##.#
#.#......##.#########.##.##.#
#.#....#.##.W@...# #.##.##.#
#......#.#######.####.##.##.##
###....#.# #...............
###...##.# #########[........
#........# ..................
#.#.###### .########.........
#.#......# #.......######.##
#.######.# #.#####.# #.## #.#
#.# #.# #...


You could see Philosophy's ghost.

Vanquished Creatures
  An adder (D:2)
  An ooze (D:1)
  2 dart slugs (D:1)
  2 leopard geckos
  2 giant cockroaches (D:1)
  5 goblins
  2 hobgoblins
  A ball python (D:1)
  7 bats
  4 frilled lizards
  3 kobolds
  6 rats
36 creatures vanquished.

Notes
Turn   | Place    | Note
-------+----------+-------------------------------------------
     0 | D:1      | kae the Demonspawn Monk began the quest for the Orb.
     0 | D:1      | Reached XP level 1. HP: 18/18 MP: 1/1
   301 | D:1      | Gained mutation: You are partially covered in iridescent scales. (AC +2) [demonic ancestry]
   301 | D:1      | Reached XP level 2. HP: 21/24 MP: 2/2
  1084 | D:2      | Gained mutation: You are immune to rotting. [demonic ancestry]
  1084 | D:2      | Reached XP level 3. HP: 9/29 MP: 3/3
  1458 | D:2      | Found a faded altar of an unknown god.
  2169 | D:3      | Noticed Philosophy's ghost (amateur FoFi)
  2222 | D:3      | Slain by Philosophy's ghost

Skill      XL: |  1  2 |
---------------+-------+-----
Unarmed Combat | 3 |  3.5
Dodging        | 3 |  3.1
Fighting       | |  3.4
Stealth        | |  1.7

Action                   || total
-------------------------++-------
Melee: Unarmed           ||   157
       Punch             ||     5
       Rapier            ||     8
  Use: Scroll            ||     6
 Stab: Sleeping          ||     5
       Distracted        ||     1
  Eat: Chunk             ||     3
Armor: Robe              ||    56
Dodge: Dodged            ||   100
